 Dungeon Crawl Stone Soup version 0.26.1-11-gd32895ea62 (webtiles) character file.

Game seed: 12051654311135267051

142216 corevian the Executioner (level 16, -8/155 HPs)
             Began as a Minotaur Fighter on May 24, 2021.
             Was an Initiate of Gozag.
             Mangled by a wolf spider (11 damage)
             ... on level 1 of the Spider Nest.
             The game lasted 01:03:32 (33680 turns).

corevian the Executioner (Minotaur Fighter)        Turns: 33680, Time: 01:03:34

Health: -8/155     AC: 14    Str: 33    XL:     16   Next: 80%
Magic:  0/25       EV: 11    Int: 10    God:    Gozag
Gold:   7142       SH:  0    Dex: 24    Spells: 13/15 levels left

rFire    + . .     SeeInvis .   N - +3 battleaxe of Beogh's Inspiration {flame, +Inv rPois rN++ Stlth-}
rCold    + . .     Faith    .   (shield currently unavailable)
rNeg     + + .     Spirit   +   a - +7 ring mail "Uwaibbuzed" {Rampage rElec rF+}
rPois    +         Reflect  .   R - +3 hat of Pondering {ponderous, Will+ MP+10 Int+5}
rElec    +         Harm     .   t - +0 cloak
rCorr    .         Rampage  +   (no gloves)
Will     ++...                  j - +2 pair of boots
Stlth    ..........             Q - amulet of the Unkillable {Spirit Dex+7}
HPRegen  0.35/turn              Y - ring of Kes Dots {rElec rPois rC+ Dex+4}
MPRegen  0.19/turn              s - +6 ring of strength

@: corroded, gold aura, slow
A: retaliatory headbutt, claws 1, horns 2, agile 1
a: Renounce Religion, Evoke Invisibility, Potion Petition, Call Merchant, Bribe
Branch


You were on level 1 of the Spider Nest.
You worshipped Gozag.
Gozag was greatly pleased with you.
You visited 6 branches of the dungeon, and saw 27 of its levels.

You collected 10129 gold pieces.
You spent 1128 gold pieces at shops.
You paid 1859 gold pieces to Gozag.

Inventory:

Hand Weapons
 b - a +0 vampiric hand axe
 C - the cursed +2 war axe "Luisysm" {flame, Fragile Dex+4 Stlth+}
   (You found it on level 1 of the Spider Nest)

   It has been specially enchanted to burn those struck by it, causing extra
   injury to most foes and up to half again as much damage against particularly
   susceptible opponents.
   Big, fiery blades are also staple armaments of hydra-hunters.
   It affects your dexterity (+4).
   It will be destroyed if unequipped.
   It makes you more stealthy.
   It has a curse placed upon it.
 N - the +3 battleaxe of Beogh's Inspiration (weapon) {flame, +Inv rPois rN++ Stlth-}
   (You took it off a tengu warrior on level 9 of the Dungeon)

   It has been specially enchanted to burn those struck by it, causing extra
   injury to most foes and up to half again as much damage against particularly
   susceptible opponents.
   Big, fiery blades are also staple armaments of hydra-hunters.
   It protects you from poison.
   It greatly protects you from negative energy.
   It lets you turn invisible.
   It makes you less stealthy.
Armour
 a - the +7 ring mail "Uwaibbuzed" (worn) {Rampage rElec rF+}
   (You found it on level 11 of the Dungeon)

   It protects you from fire.
   It insulates you from electricity.
   It bestows one free step when moving towards enemies.
 j - a +2 pair of boots (worn)
 p - the +4 ring mail of Gallantry {rN+}
   (You found it on level 12 of the Dungeon)

   It protects you from negative energy.
 t - a +0 cloak (worn)
 M - a +4 plate armour
 R - the +3 hat of Pondering (worn) {ponderous, Will+ MP+10 Int+5}
   (You took it off Gastronok on level 10 of the Dungeon)

   It affects your intelligence (+5).
   It affects your willpower, your defense against some magical effects.
   It affects your magic capacity (+10).
Jewellery
 s - a +6 ring of strength (right claw)
 w - an uncursed ring of magical power {unknown}
 D - an uncursed ring of ice {unknown}
 E - an uncursed ring of positive energy
 F - a cursed -4 ring of evasion {unknown}
 P - the ring "Pumuorefi" {Ice Int+6}
   (You took it off an orc on level 10 of the Dungeon)

   [ring of ice]

   It enhances your ice magic.
   It affects your intelligence (+6).
   It makes you vulnerable to fire.
   It protects you from cold.
 Q - the amulet of the Unkillable (around neck) {Spirit Dex+7}
   (You bought it in a shop on level 10 of the Dungeon)

   [amulet of guardian spirit]

   It causes incoming damage to be split between your health and magic.
   It affects your dexterity (+7).
 T - an uncursed ring of resist corrosion
 U - a +4 ring of protection
 Y - the ring of Kes Dots (left claw) {rElec rPois rC+ Dex+4}
   (You took it off a yaktaur captain on level 11 of the Dungeon)

   [ring of protection from cold]

   It affects your dexterity (+4).
   It protects you from cold.
   It insulates you from electricity.
   It protects you from poison.
Wands
 c - a wand of random effects (14)
 d - a wand of paralysis (10)
 i - a wand of flame (39)
 q - a wand of iceblast (16)
 A - a wand of polymorph (20)
 W - a wand of enslavement (7)
 X - a wand of acid (8)
Scrolls
 f - 9 scrolls of teleportation
 o - 11 scrolls of remove curse
 r - 9 scrolls of magic mapping
 y - 2 scrolls of blinking
 z - a scroll of fog
 B - 2 scrolls of summoning
 G - 2 scrolls of enchant weapon
 L - 4 scrolls of fear
 O - 2 scrolls of enchant armour
 S - 3 scrolls of silence
Potions
 e - a potion of flight
 g - 11 potions of curing
 h - 5 potions of heal wounds
 k - 4 potions of invisibility
 l - 3 potions of mutation
 m - 3 potions of haste
 n - 3 potions of resistance
 u - a potion of might
 v - a potion of cancellation
 x - 5 potions of brilliance
 K - 4 potions of magic


   Skills:
 + Level 17.1 Fighting
 * Level 24.9 Axes
 + Level 12.5 Armour
 - Level 0.9 Dodging
 - Level 0.1 Stealth
 + Level 10.4 Shields
 + Level 0.9 Translocations


You had 13 spell levels left.
You knew the following spells:

 Your Spells              Type           Power        Failure   Level
a - Blink                 Tloc           N/A          45%         2

Your spell library contained the following spells:

 Spells                   Type           Power        Failure   Level
 Apportation              Tloc           2%           34%         1
 Animate Skeleton         Necr           0%           43%         1
 Foxfire                  Conj/Fire      0%           43%         1
 Magic Dart               Conj           0%           43%         1
 Pain                     Necr           0%           43%         1
 Sandblast                Erth           0%           43%         1
 Summon Small Mammal      Summ           0%           43%         1
 Call Imp                 Summ           0%           58%         2
 Passwall                 Tmut/Erth      0%           58%         2
 Searing Ray              Conj           0%           58%         2
 Slow                     Hex            0%           58%         2
 Lesser Beckoning         Tloc           0%           71%         3
 Call Canine Familiar     Summ           0%           82%         3
 Conjure Flame            Conj/Fire      0%           82%         3
 Dazzling Flash           Conj/Hex       0%           82%         3
 Inner Flame              Hex/Fire       0%           82%         3
 Mephitic Cloud           Conj/Pois/Air  0%           82%         3
 Stone Arrow              Conj/Erth      0%           82%         3
 Summon Guardian Golem    Hex/Summ       0%           82%         3
 Tukima's Dance           Hex            0%           82%         3
 Vampiric Draining        Necr           0%           82%         3
 Animate Dead             Necr           0%           99%         4
 Cause Fear               Hex            0%           99%         4
 Fulminant Prism          Conj/Hex       0%           99%         4
 Ice Form                 Ice/Tmut       0%           99%         4
 Iskenderun's Mystic Bla  Conj/Tloc      0%           99%         4
 Petrify                  Tmut/Erth      0%           99%         4
 Sticky Flame             Conj/Fire      0%           99%         4
 Summon Ice Beast         Ice/Summ       0%           99%         4
 Summon Lightning Spire   Summ/Air       0%           99%         4
 Agony                    Necr           0%           100%        5
 Alistair's Intoxication  Tmut/Pois      0%           100%        5
 Fireball                 Conj/Fire      0%           100%        5
 Iskenderun's Battlesphe  Conj           0%           100%        5
 Lee's Rapid Deconstruct  Erth           0%           100%        5
 Metabolic Englaciation   Hex/Ice        0%           100%        5
 Silence                  Hex/Air        0%           100%        5
 Yara's Violent Unravell  Hex/Tmut       0%           100%        5
 Freezing Cloud           Conj/Ice/Air   0%           100%        6
 Invisibility             Hex            0%           100%        6
 Ozocubu's Refrigeration  Ice            0%           100%        6
 Simulacrum               Ice/Necr       0%           100%        6
 Spellforged Servitor     Conj/Summ      0%           100%        7
 Discord                  Hex            0%           100%        8


Dungeon Overview and Level Annotations

Branches:
Dungeon (15/15) Temple (1/1) D:5 Lair (6/6) D:11 Shoals (0/4) Lair:4 Spider (2/4) Lair:3 Slime (1/5) Lair:6 Orc (2/2) D:10 Elf (0/3) Orc:2 Vaults (0/5) D:12 D:13 Depths (0/5) D:15

Altars:
Ashenzari
Cheibriados
Dithmenos
Elyvilon
Fedhas
Gozag
Hepliaklqana
Kikubaaqudgha
Makhleb
Nemelex Xobeh
Okawaru
Qazlal
Ru
Sif Muna
Trog
Uskayaw
Vehumet
Wu Jian
Xom
Yredelemnul
Zin
The Shining One
Jiyva

Shops:
D:9 !   D:10 ==   D:12 (   Orc:2 [:?*

Portals:
Pandemonium: Orc:2

Annotations:
D:2 1 runed translucent door, Crazy Yiuf, Natasha


Innate Abilities, Weirdness & Mutations

You reflexively headbutt those who attack you in melee.
You have a pair of horns on your head.
You have sharp fingernails.
You are agile. (Dex +2)


Message History

The emperor scorpion claws you but does no damage.
You closely miss the emperor scorpion.
You headbutt the emperor scorpion, but do no damage.
The emperor scorpion is moderately wounded.
You closely miss the wolf spider. You slice the wolf spider!!
You burn the wolf spider. The wolf spider hits you!
* * * LOW HITPOINT WARNING * * *
The wolf spider bites you.
* * * LOW HITPOINT WARNING * * *
The wolf spider hits you!
* * * LOW HITPOINT WARNING * * *
The wolf spider bites you.
* * * LOW HITPOINT WARNING * * *
The emperor scorpion stings you!!
* * * LOW HITPOINT WARNING * * *
The emperor scorpion misses you.
The emperor scorpion claws you but does no damage.
The wolf spider hits you!
You die...
Your body crumbles into a pile of gold.

#...#####................#....#..
#..####.#.###...............###..
....##.####.###..............#...
....#.##...##.###...........##...
..####.###.#....##.........##.!..
..#..#..^.##.............>.#....#
####................^.....##.....
....#..........$s$.............#.
...##..........s@......#^....###.
...#............s......##......##
...###..#.........#.....#........
...##.#.#...#...^.#...[.#.....#..
...######...#.....#.....#.....#..
.#..# ##....#..[..#.....#.....#..
##### #.....#.....##..#.#.#...#..
##....#^#####...#####..##..
#.#..##.^...##^(.# ##.##...


You could see an emperor scorpion and 2 wolf spiders.

Vanquished Creatures
  Jorgrun (Orc:1)
  Rupert (D:13)
  Gastronok (D:10)
  An orc warlord (D:11)
  The ghost of LordOGeese the Cleaver, a journeyman GrBe of Trog (Lair:4)
  2 entropy weavers (Spider:1)
  Josephine (D:12)
  An ettin (shapeshifter) (D:15)
  An ettin (D:11)
  2 yaktaur captains (D:11)
  2 fire dragons (Lair:6)
  7 hydras
  Erolcha (D:11)
  4 boulder beetles
  A catoblepas (shapeshifter) (D:15)
  2 catoblepae
  5 two-headed ogres
  2 death knights
  Erica (D:9)
  3 centaur warriors
  6 orc high priests
  A tengu warrior (D:9)
  7 death yaks (Lair:6)
  2 deep troll earth magi (D:11)
  The ghost of DasBelly the Slicer, a journeyman KoEn of Uskayaw (D:9)
  The ghost of nomophobia the Cleaver, a novice MiGl of Wu Jian (D:8)
  A sun demon (Orc:2)
  A skeletal warrior (D:15)
  A deep troll (D:9)
  2 unseen horrors
  2 infernal demonspawn (Orc:2)
  A gelid demonspawn (Orc:2)
  A flayed ghost (D:12)
  A swamp dragon (Lair:6)
  2 phantasmal warriors
  A lindwurm (Lair:6)
  An orb spider (Spider:1)
  2 deep elf magi
  6 orc knights
  6 orc sorcerers
  7 wolf spiders
  17 ugly things
  A cyclops (D:13)
  20 elephants
  A moth of wrath (D:9)
  Maurice (D:9)
  3 centaur zombies
  2 black mambas
  14 cane toads
  A smoke demon (Orc:1)
  A gargoyle (D:10)
  4 rime drakes
  7 torpor snails
  4 freezing wraiths
  18 komodo dragons
  2 ice devils
  4 yaktaurs (D:15)
  6 polar bears
  A merfolk (D:9)
  10 jumping spiders
  Prince Ribbit (D:7)
  8 hornets
  A jumping spider (shapeshifter) (D:14)
  8 trolls
  16 blink frogs
  4 tyrant leeches (Lair:6)
  6 dream sheep (Lair:6)
  7 slime creatures
  20 redbacks
  2 spriggans
  28 yaks
  A shadow (D:12)
  7 wyverns
  6 tarantellas (Spider:1)
  A ynoxinul (Orc:2)
  16 wraiths
  17 fire bats (D:12)
  16 humans
  9 basilisks
  4 steam dragons
  5 vampire mosquitoes
  A chaos spawn (Orc:2)
  A warg (Orc:1)
  3 acid dragons
  15 water moccasins
  35 orc warriors
  4 sky beasts
  5 ice beasts
  A swamp drake (Lair:6)
  5 black bears
  An eye of draining (shapeshifter) (D:15)
  4 boggarts (D:15)
  12 ogres
  A necrophage (D:11)
  7 centaurs
  59 wolves
  2 big kobolds
  25 bullfrogs
  A wyvern zombie (D:11)
  A water moccasin zombie (D:8)
  A wyvern skeleton (D:11)
  5 scorpions
  A water moccasin skeleton (D:10)
  14 killer bees
  6 wights
  7 howler monkeys
  2 vampire bats (D:8)
  A bullfrog zombie (D:11)
  4 jellies
  5 hounds
  23 orc priests
  5 centaur skeletons
  15 orc wizards
  10 iguanas
  Terence (D:3)
  Jessica (D:3)
  Natasha (D:2)
  17 worker ants
  The ghost of Zeld the Twirler, a weakling OpGl (D:4)
  A hound skeleton (D:5)
  3 gnolls (D:5)
  2 worker ant zombies
  17 adders
  A shadow imp (D:7)
  3 white imps
  An ufetubus (D:6)
  2 oozes
  3 adder zombies
  An adder skeleton (D:10)
  4 worms
  2 dart slugs
  8 leopard geckos
  104 orcs
  3 bat skeletons (D:8)
  2 bat zombies (D:8)
  7 giant cockroaches
  4 goblins
  4 hobgoblins
  16 jackals
  23 kobolds
  6 quokkas
  80 bats
  3 frilled lizards
  2 leopard gecko skeletons
  A quokka skeleton (D:5)
  A quokka zombie (D:5)
  8 rats
1008 creatures vanquished.

Vanquished Creatures (others)
  43 fungi
  80 plants
123 creatures vanquished.

Grand Total: 1131 creatures vanquished

Notes
Turn   | Place    | Note
-------+----------+-------------------------------------------
     0 | D:1      | corevian the Minotaur Fighter began the quest for the Orb.
     0 | D:1      | Reached XP level 1. HP: 19/19 MP: 0/0
   212 | D:1      | Reached XP level 2. HP: 27/27 MP: 1/1
   317 | D:1      | Reached skill level 3 in Axes
   634 | D:1      | Reached XP level 3. HP: 30/33 MP: 2/2
  1022 | D:2      | Found a glowing silver altar of Zin.
  1329 | D:2      | Reached XP level 4. HP: 30/40 MP: 3/3
  1838 | D:2      | Noticed Natasha
  1844 | D:2      | Killed Natasha
  1845 | D:2      | Reached skill level 4 in Axes
  2039 | D:2      | Found a runed translucent door.
  2040 | D:2      | Noticed Crazy Yiuf
  2147 | D:2      | Found a shimmering blue altar of Sif Muna.
  2177 | D:3      | Noticed Jessica
  2182 | D:3      | Killed Jessica
  2183 | D:3      | Reached XP level 5. HP: 44/47 MP: 4/4
  2556 | D:2      | Noticed Natasha
  3199 | D:3      | Reached skill level 5 in Axes
  3241 | D:3      | Noticed Terence
  3248 | D:3      | Killed Terence
  3249 | D:3      | Reached XP level 6. HP: 51/53 MP: 5/5
  3627 | D:4      | Reached skill level 5 in Shields
  3656 | D:4      | Reached skill level 6 in Axes
  3667 | D:4      | Found a runed translucent door.
  3668 | D:4      | Noticed Zeld's ghost (weakling OpGl)
  3684 | D:4      | Killed Zeld's ghost
  3689 | D:4      | Found a runed translucent door.
  3720 | D:4      | Reached skill level 5 in Armour
  4132 | D:4      | Reached XP level 7. HP: 46/60 MP: 6/6
  4452 | D:5      | Entered Level 5 of the Dungeon
  4508 | D:5      | Reached skill level 7 in Axes
  4745 | D:5      | Reached skill level 5 in Fighting
  4848 | D:5      | Reached skill level 8 in Axes
  5120 | D:5      | You fall into a shaft and drop 2 floors!
  5146 | D:6      | Noticed Prince Ribbit
  5203 | D:6      | Reached XP level 8. HP: 35/68 MP: 7/7
  5432 | D:6      | Found a blossoming altar of Fedhas.
  5452 | D:6      | Reached skill level 9 in Axes
  5520 | D:6      | Found an ancient bone altar of Kikubaaqudgha.
  5851 | D:6      | Found a shadowy altar of Dithmenos.
  6033 | D:7      | Reached skill level 10 in Axes
  6578 | D:7      | Reached XP level 9. HP: 75/75 MP: 8/8
  6598 | D:7      | Killed Prince Ribbit
  6599 | D:7      | Reached skill level 11 in Axes
  6898 | D:8      | Found a runed translucent gate.
  6898 | D:8      | Found a runed translucent gate.
  6900 | D:8      | Found a runed translucent gate.
  6902 | D:8      | Noticed nomophobia's ghost (novice MiGl)
  7436 | D:8      | Found an ancient bone altar of Kikubaaqudgha.
  7450 | D:8      | Reached skill level 12 in Axes
  7458 | D:8      | You fall into a shaft and drop 3 floors!
  7466 | D:10     | Entered Level 10 of the Dungeon
  7474 | D:10     | Found a staircase to the Orcish Mines.
  8208 | D:5      | Found a staircase to the Ecumenical Temple.
  8227 | Temple   | Entered the Ecumenical Temple
  8809 | Temple   | Became a worshipper of Gozag Ym Sagoz the Greedy
  9139 | D:8      | Killed nomophobia's ghost
  9140 | D:8      | Reached XP level 10. HP: 71/84 MP: 9/9
  9260 | D:9      | Found an iron altar of Okawaru.
  9273 | D:9      | Reached skill level 13 in Axes
  9396 | D:9      | Noticed Maurice
  9398 | D:9      | Paralysed by Maurice for 3 turns
  9409 | D:9      | Paralysed by Maurice for 5 turns
  9419 | D:9      | Killed Maurice
  9442 | D:9      | Noticed a two-headed ogre
  9445 | D:9      | Found a transporter.
  9450 | D:9      | Found a transporter.
  9452 | D:9      | Found a bloodstained altar of Trog.
  9452 | D:9      | Identified the cursed +3 battleaxe of Beogh's Inspiration
                  | {flame, +Inv rPois rN++ Stlth-}
  9452 | D:9      | Noticed a tengu warrior
  9453 | D:9      | Noticed a deep troll
  9463 | D:9      | Noticed a two-headed ogre
  9463 | D:9      | Noticed a two-headed ogre
  9464 | D:9      | Noticed a moth of wrath
  9465 | D:9      | Identified the +6 quarterstaff of the Extremes {vorpal, rF+
                  | rN+ Str+2}
  9474 | D:9      | Noticed DasBelly's ghost (journeyman KoEn)
  9503 | D:9      | Noticed Erica
  9523 | D:9      | Killed Erica
  9524 | D:9      | Reached skill level 14 in Axes
  9524 | D:9      | Found Baof's Distillery.
  9623 | D:9      | Noticed a two-headed ogre
  9632 | D:9      | Killed a two-headed ogre
  9660 | D:9      | Bought a potion of might for 56 gold pieces
  9660 | D:9      | Bought a potion of haste for 140 gold pieces
 10241 | D:9      | Reached XP level 11. HP: 92/92 MP: 10/10
 10362 | D:9      | Killed a deep troll
 10365 | D:9      | Killed a two-headed ogre
 10366 | D:9      | Reached skill level 15 in Axes
 10384 | D:9      | Killed DasBelly's ghost
 10385 | D:9      | Reached skill level 10 in Shields
 10389 | D:9      | Killed a tengu warrior
 10394 | D:9      | Killed a two-headed ogre
 10404 | D:9      | Killed a two-headed ogre
 10953 | D:10     | Found Luepui's Jewellery Emporium.
 10997 | D:10     | Reached skill level 16 in Axes
 11190 | D:10     | Noticed a boulder beetle
 11216 | D:10     | Killed an unseen horror
 11217 | D:10     | Identified the cursed +1 great mace of Karma {vorpal,
                  | *Contam rC+ Int+6 SInv}
 11217 | D:10     | Identified the ring "Pumuorefi" {Ice Int+6}
 11222 | D:10     | Killed a boulder beetle
 11234 | D:10     | Identified Lata's Tome of Harmful Earth
 11688 | D:10     | Noticed Gastronok
 11699 | D:10     | Killed Gastronok
 11700 | D:10     | Reached skill level 17 in Axes
 11700 | D:10     | Reached XP level 12. HP: 96/104 MP: 11/11
 12078 | D:10     | Found Vuax's Jewellery Shop.
 12469 | D:10     | Bought the amulet of the Unkillable {Spirit Dex+7} for 827
                  | gold pieces
 12842 | D:11     | Found a staircase to the Lair.
 13329 | D:11     | Noticed a centaur warrior
 13333 | D:11     | Killed a centaur warrior
 13338 | D:11     | Reached skill level 18 in Axes
 13428 | D:11     | Noticed Erolcha
 13436 | D:11     | Killed Erolcha
 13534 | D:11     | Noticed an orc warlord
 13534 | D:11     | Noticed a deep troll earth mage
 13541 | D:11     | Killed a deep troll earth mage
 13542 | D:11     | Noticed an ettin
 13543 | D:11     | Noticed an eight-headed hydra
 13556 | D:11     | Killed an orc warlord
 13557 | D:11     | Reached skill level 10 in Fighting
 13557 | D:11     | Reached skill level 10 in Armour
 13562 | D:11     | Killed an ettin
 13868 | D:11     | Identified the ring of Kes Dots {rElec rPois rC+ Dex+4}
 13868 | D:11     | Noticed a yaktaur captain
 13877 | D:11     | Killed a yaktaur captain
 13877 | D:11     | Noticed a deep troll earth mage
 13883 | D:11     | Killed a deep troll earth mage
 13884 | D:11     | Reached skill level 19 in Axes
 13933 | D:11     | Noticed a boulder beetle
 13941 | D:11     | Reached XP level 13. HP: 113/113 MP: 12/12
 13978 | D:11     | Got a fine ring mail
 14003 | D:11     | Identified the +7 ring mail "Uwaibbuzed" {Rampage rElec
                  | rF+} (You found it on level 11 of the Dungeon)
 14713 | Lair:1   | Entered Level 1 of the Lair of Beasts
 16289 | Lair:2   | Reached skill level 20 in Axes
 17090 | Lair:3   | Found a hole to the Spider Nest.
 17515 | Lair:3   | Found a stormy altar of Qazlal.
 18130 | Lair:4   | Reached XP level 14. HP: 126/126 MP: 13/13
 18137 | Lair:4   | Reached skill level 21 in Axes
 18574 | Lair:4   | Found a staircase to the Shoals.
 19151 | Lair:4   | Found a runed translucent door.
 19154 | Lair:4   | Noticed LordOGeese's ghost (journeyman GrBe)
 19372 | Lair:4   | Found a bloodstained altar of Trog.
 19462 | Lair:4   | Killed LordOGeese's ghost
 20347 | Lair:6   | Entered Level 6 of the Lair of Beasts
 20665 | Lair:6   | Found a staircase to the Slime Pits.
 20667 | Lair:6   | Found a viscous altar of Jiyva.
 21111 | Lair:6   | Reached skill level 22 in Axes
 21842 | Lair:6   | Found a runed translucent door.
 21868 | Lair:6   | Reached XP level 15. HP: 138/138 MP: 14/14
 22773 | Slime:1  | Entered Level 1 of the Pits of Slime
 22927 | Orc:1    | Entered Level 1 of the Orcish Mines
 23031 | Orc:1    | Found a bloodstained altar of Trog.
 23125 | Orc:2    | Entered Level 2 of the Orcish Mines
 23500 | Orc:1    | Noticed Jorgrun
 23506 | Orc:1    | Killed Jorgrun
 24244 | Orc:2    | Found Tiubesok's Magic Scroll Shop.
 24248 | Orc:2    | Found Jemipoi's General Store.
 24752 | Orc:2    | Paralysed by an orc sorcerer for 7 turns
 24765 | Orc:1    | Reached skill level 23 in Axes
 24769 | Orc:1    | Reached skill level 15 in Fighting
 24969 | Orc:2    | Bought a scroll of enchant weapon for 105 gold pieces
 25224 | Orc:2    | Found a staircase to the Elven Halls.
 25422 | Orc:2    | Found Osywokodd's Antique Armour Emporium.
 25422 | Orc:2    | Found Ohism's Book Shoppe.
 25423 | Orc:2    | Found a one-way gate leading to the halls of Pandemonium.
 26171 | D:12     | Found Sibyrhab's Antique Weapon Shop.
 26483 | D:12     | Found a glowing golden altar of the Shining One.
 26500 | D:12     | Found an ancient bone altar of Kikubaaqudgha.
 26532 | D:12     | Found a runed translucent door.
 26637 | D:12     | Found an ancient bone altar of Kikubaaqudgha.
 26657 | D:12     | Found a snail-covered altar of Cheibriados.
 26694 | D:12     | Found a shimmering altar of Xom.
 26770 | D:12     | Got an ichor-stained ring mail
 26771 | D:12     | Identified the +4 ring mail of Gallantry {rN+} (You found
                  | it on level 12 of the Dungeon)
 26781 | D:12     | Gained mutation: You are agile. (Dex +2) [potion of
                  | mutation]
 26781 | D:12     | Gained mutation: You have sharp fingernails. [potion of
                  | mutation]
 26875 | D:12     | Found an ancient bone altar of Kikubaaqudgha.
 27159 | D:13     | Found a gate to the Vaults.
 27159 | D:13     | Noticed Rupert
 27337 | D:13     | Noticed Josephine
 27357 | D:12     | Killed Josephine
 27585 | D:13     | Killed Rupert
 27592 | D:13     | Reached XP level 16. HP: 107/151 MP: 15/15
 28541 | D:13     | Reached skill level 24 in Axes
 30248 | D:15     | Entered Level 15 of the Dungeon
 31537 | D:15     | Found a staircase to the Depths.
 32178 | D:14     | Learned a level 2 spell: Blink
 32352 | Spider:1 | Entered Level 1 of the Spider Nest
 32408 | Spider:1 | Got a polished war axe
 32814 | Spider:1 | Identified the cursed +2 war axe "Luisysm" {flame, Fragile
                  | Dex+4 Stlth+} (You found it on level 1 of the Spider Nest)
 33680 | Spider:1 | HP: 3/155 [emperor scorpion (18)]
 33680 | Spider:1 | Mangled by a wolf spider

Illustrated notes

Levels and vault maps discovered:
D:1:      nzn_arrival_crosshair, layout_basic
D:2:      layout_basic, old_standard_altar, lemuel_blue_sif_altar, uniq_natasha,
          uniq_crazy_yiuf_cottage
D:3:      minmay_octagon_keep, layout_basic, uniq_jessica, uniq_terence
D:4:      layout_basic, ebering_ghost_sewer_f, enter_ossuary_1
D:5:      layout_loops_ring, minmay_temple_entry_statues_fountains
D:6:      layout_rooms, basic_altar, fountainhead, hangedman_feature_mirror,
          hangedman_abyss_or_decor_stabs, uniq_prince_ribbit1
D:7:      layout_loops_ring
D:8:      layout_basic, kennysheep_vampire_church, ebering_ghost_rock_garden
D:9:      minmay_recursive_quarters, layout_rooms, okawaru_ov_weapons_minmay,
          gammafunk_ghost_wrathful_warriors, serial_shops, shop, special_room
          [special_room_orc], hangedman_fish_farm, uniq_maurice, uniq_erica
D:10:     minmay_the_grid_square_5x5_3x3 [minmay_the_grid_square_5x5_inner_v,
          minmay_the_grid_square_5x5_shrine1,
          minmay_the_grid_square_5x5_minimal,
          minmay_the_grid_square_5x5_detours,
          minmay_the_grid_square_5x5_megaprize_checkered,
          minmay_the_grid_square_5x5_lines,
          minmay_the_grid_square_5x5_checkered, minmay_the_grid_square_5x5_plus,
          minmay_the_grid_square_5x5_two_small], layout_grid_maze, david_orc_2,
          serial_shops, kennysheep_mini_moat, shop, uniq_gastronok
D:11:     minmay_tile_spiral, layout_gridville, minmay_lair_entry_grove,
          uniq_erolcha
D:12:     due_megacathedral, layout_loops_ring, serial_shops, shop,
          minivault_11, chequers_mini_garden
D:13:     layout_layer_cave, david_vaults_3, uniq_josephine
D:14:     layout_basic, chequers_serial_rivers_small_3,
          chequers_serial_rivers_micro_c
D:15:     gammafunk_enter_depths_forms, layout_irregular_city,
          lemuel_flamethrower_2
Temple:   eino_narrow_crystal_temple
Lair:1:   layout_cave_pods, pond, infiniplex_staircase_pool_2,
          serial_bayou_shore_a
Lair:2:   layout_regular_city, grunt_forest_stairs_clearing
Lair:3:   layout_layer_cave, spider_nest_entry_a, basic_altar,
          grunt_forest_large_clearings
Lair:4:   layout_regular_city, elwin_shoals_entry_rocks, basic_altar,
          ebering_ghost_inner_flame, grunt_megastairs_2
Lair:5:   layout_regular_city, serial_bayou_shore_b
Lair:6:   wormcave, layout_regular_city, guppyfry_lair_end_dragon, slime_altar_1
Spider:1: layout_spider_delve, drop_trap
Spider:2: layout_spider_delve, hive_lemuel
Slime:1:  layout_caves
Orc:1:    layout_caves, nicolae_volcano_entry_lava_flow, trog_book, uniq_jorgrun
Orc:2:    pf_orc_diabolical, layout_caves

Skill      XL: |  1  2  3  4  5  6  7  8  9 10 11 12 13 14 15 16 |
---------------+-------------------------------------------------+-----
Shields        | 4 5 6 8 9 10 | 10.4
Axes           | 3 4 5 6 8 10 12 14 17 19 20 22 23 24 | 24.9
Fighting       | 4 5 6 7 9 10 12 14 15 17 | 17.1
Armour         | 4 5 6 7 9 10 11 12 | 12.5
Dodging        | |  0.9
Stealth        | |  0.1
Translocations | |  0.9

Action                   |  1- 3 |  4- 6 |  7- 9 | 10-12 | 13-15 | 16-18 || total
-------------------------+-------+-------+-------+-------+-------+-------++-------
Melee: War axe           |    88 |   176 |   276 |   199 |       |       ||   739
       Headbutt          |     7 |    32 |    53 |    79 |   249 |   116 ||   536
       Battleaxe         |       |       |       |   238 |   948 |   310 ||  1496
       Unarmed           |       |       |       |       |       |    23 ||    23
 Cast: Blink             |       |       |       |       |       |     2 ||     2
Invok: Potion Petition   |       |       |       |       |     2 |     1 ||     3
  Use: Scroll            |     2 |     3 |     6 |     2 |    20 |     1 ||    34
       Potion            |       |       |     2 |     7 |     1 |       ||    10
 Stab: Distracted        |       |       |       |     5 |    14 |    10 ||    29
       Petrifying        |       |       |       |       |       |     1 ||     1
Armor: Scale mail        |    52 |    62 |    31 |       |       |       ||   145
       Plate armour      |       |       |    90 |   213 |     4 |       ||   307
       Ring mail         |       |       |       |       |   422 |   257 ||   679
       Skin              |       |       |       |       |     1 |       ||     1
Dodge: Dodged            |    39 |    40 |    31 |    86 |   387 |   139 ||   722
Block: Kite shield       |    52 |    18 |       |       |       |       ||    70
       Tower shield      |       |   102 |   250 |   131 |       |       ||   483
